 Dungeon Crawl Stone Soup version 0.25.1-2-g60ff931df9 (webtiles) character file.

Game seed: 5207438423266064059

3332 RaHiT the Charlatan (level 9, -1/69 HPs)
             Began as a Demigod Wanderer on Sept 19, 2020.
             Slain by an orc warrior
             ... wielding a +0 halberd
              (19 damage)
             ... in a bailey.
             The game lasted 01:17:49 (9410 turns).

RaHiT the Charlatan (Demigod Wanderer)              Turns: 9410, Time: 01:17:50

Health: -1/69      AC:  4    Str: 15    XL:     9   Next: 44%
Magic:  16/20      EV: 11    Int: 24    God:
Gold:   123        SH:  5    Dex: 13    Spells: 5/18 levels left

rFire    . . .     SeeInvis +   M - +0 long sword
rCold    + . .     Gourm    .   d - +0 buckler
rNeg     + . .     Faith    .   e - +0 robe
rPois    .         Spirit   .   v - +0 helmet "Etwoph" {Stlth+}
rElec    +         Reflect  .   (no cloak)
rCorr    .         Harm     .   r - +0 pair of gloves
MR       .....                  (no boots)
Stlth    +++.......             (no amulet)
HPRegen  0.21/turn              E - ring of protection from cold
MPRegen  0.17/turn              y - ring of the Scarab {rElec rN+ Slay-4 SInv} (curse)

@: no status effects
A: high mp 1
a: no special abilities


You were in a bailey.
You were not hungry.

You visited 1 branch of the dungeon, and saw 8 of its levels.
You also visited: Bailey.

You collected 455 gold pieces.
You spent 332 gold pieces at shops.

Inventory:

Hand Weapons
 a - a +0 falchion
 b - a +7 hand crossbow
 M - a +0 long sword (weapon)
Missiles
 g - 112 arrows
 h - 41 sling bullets
 l - 7 boomerangs (quivered)
 m - 282 stones
 n - 30 poisoned darts
 K - 9 bolts
Armour
 d - a +0 buckler (worn)
 e - a +0 robe (worn)
 i - a cursed +0 leather armour
 r - a +0 pair of gloves (worn)
 v - the +0 helmet "Etwoph" (worn) {Stlth+}
   (You found it on level 4 of the Dungeon)

   It makes you more stealthy.
Magical Staves
 I - an uncursed staff of poison {unknown}
Jewellery
 y - the cursed ring of the Scarab (right hand) {rElec rN+ Slay-4 SInv}
   (You found it on level 8 of the Dungeon)

   [ring of slaying]

   It affects your accuracy and damage with ranged weapons and melee attacks
   (-4).
   It insulates you from electricity.
   It protects you from negative energy.
   It lets you see invisible.
   It has a curse placed upon it.
 E - a ring of protection from cold (left hand)
Wands
 x - a wand of flame (36)
 A - a wand of paralysis (3)
 C - a wand of random effects (16)
 J - a wand of iceblast (4)
Scrolls
 c - a scroll of fear
 k - 4 scrolls of teleportation
 p - 6 scrolls of remove curse
 s - 3 scrolls of enchant armour
 B - 2 scrolls of blinking
 F - a scroll of amnesia
 L - a scroll of silence
Potions
 j - 2 potions of stabbing
 o - a potion of might
 q - a potion of flight
 t - a potion of resistance
 u - 2 potions of curing
 w - a potion of mutation {unknown}
 z - a potion of ambrosia {unknown}
 D - a potion of brilliance
 H - a potion of lignification
Comestibles
 f - 7 rations
 G - 5 chunks of flesh


   Skills:
 - Level 3.0 Fighting
 - Level 5.0 Long Blades
 - Level 3.0 Crossbows
 - Level 3.0 Stealth
 - Level 4.0 Shields
 - Level 5.0 Spellcasting
 * Level 4.9 Necromancy
 - Level 2.0 Ice Magic
   Level 2.6 Poison Magic
 - Level 6.0 Evocations


You had 5 spell levels left.
You knew the following spells:

 Your Spells              Type           Power        Failure   Level  Hunger
a - Freeze                Ice            ###.         3%          1    None
b - Animate Skeleton      Necr           N/A          1%          1    None
c - Frozen Ramparts       Ice            ###...       12%         3    ##.....
d - Pain                  Necr           ####         1%          1    None
e - Vampiric Draining     Necr           ####......   3%          3    ##.....
f - Animate Dead          Necr           N/A          12%         4    ####...

Your spell library contained the following spells:

 Spells                   Type           Power        Failure   Level  Hunger
 Agony                    Necr           ####....     32%         5    #####..


Dungeon Overview and Level Annotations

Branches:
Dungeon (8/15)             Temple (0/1) D:7            Lair (0/6) D:8
 Bailey (1/1)

Shops:
D:6 :!?(   D:7 *


Innate Abilities, Weirdness & Mutations

You have an increased reservoir of magic. (+10% MP)


Message History

Aiming: Pain (safe; 1% risk of failure)
Press: ? - help, Shift-Dir - straight line, f - orc warrior, p - orc warrior
Aim: an orc warrior, wielding a +0 halberd and wearing a +3 scale mail (wandering, hasn't noticed you, chance to defeat MR: 84%)
The orc warrior shouts!
The orc warrior writhes in agony.
You hear a shout! x6
An orc warrior comes into view. It is wielding a +0 arbalest.
The orc warrior shouts!
The orc warrior hits you with a +0 halberd!
* * * LOW HITPOINT WARNING * * *
Found a gate leading back out of this place.
Casting: Pain (safe; 1% risk of failure)
Confirm with . or Enter, or press ? or * to list all spells.
Aiming: Vampiric Draining (dangerous; 3% risk of failure)
Press: ? - help, Shift-Dir - straight line, f/p - orc warrior
Aim: an orc warrior, wielding a +0 halberd and wearing a +3 scale mail (lightly wounded)
The orc warrior is heavily wounded.
You feel life coursing into your body.
The orc warrior hits you with a +0 halberd!!
You die...

### ##∩## #.∩@#
#..o# ≈..o....
oo≈.......≈o
≈o≈≈.......≈≈o≈
≈≈≈..#...#..≈≈≈
....##...##....
#### ##∩## ####


You could see 4 orc warriors and an orc.

Vanquished Creatures
  A two-headed ogre (D:8)
  A manticore (D:8)
  Grinder (D:5)
  A hungry ghost (D:5)
  An ice beast (D:7)
  3 orc warriors
  A sky beast (D:6)
  A phantom (D:5)
  An ogre (D:7)
  2 centaurs (D:7)
  A big kobold (D:7)
  A bullfrog (D:6)
  A scorpion (D:5)
  A howler monkey (D:4)
  2 crimson imps (D:6)
  A quasit (D:5)
  An orc priest (D:6)
  5 hounds
  An iguana (D:6)
  6 orc wizards
  7 worker ants
  A killer bee zombie (D:5)
  3 hound skeletons (D:5)
  A worker ant zombie (D:6)
  6 adders
  2 adder skeletons (D:5)
  3 worms
  4 dart slugs
  6 leopard geckos
  11 orcs
  2 bats
  5 giant cockroaches
  3 goblins
  7 hobgoblins
  9 jackals
  13 kobolds
  4 quokkas
  4 ball pythons
  6 frilled lizards
  A leopard gecko skeleton (D:6)
  9 rats
140 creatures vanquished.

Vanquished Creatures (collateral kills)
  An orc priest (D:7)
  A bullfrog skeleton (D:5)
  2 worker ants (D:6)
  2 adders
  3 shadow imps
  2 orcs
  A quokka (D:6)
  2 kobolds (D:7)
  A leopard gecko skeleton (D:4)
  2 leopard gecko zombies
  A quokka skeleton (D:4)
18 creatures vanquished.

Grand Total: 158 creatures vanquished

Notes
Turn   | Place    | Note
-------+----------+-------------------------------------------
     0 | D:1      | RaHiT the Demigod Wanderer began the quest for the Orb.
     0 | D:1      | RaHiT set off with the following items: a +2 dagger, a
                  | scroll of fear, a +0 buckler, a +0 robe, a ration; and the
                  | following spell memorised: Freeze; and the following spells
                  | available to memorise: Frozen Ramparts
     0 | D:1      | Reached XP level 1. HP: 17/17 MP: 3/3
   352 | D:1      | Reached XP level 2. HP: 17/24 MP: 4/4
  1247 | D:2      | Found a burning altar of Makhleb.
  1252 | D:2      | Reached XP level 3. HP: 29/29 MP: 5/5
  1855 | D:3      | Found a white marble altar of Elyvilon.
  1992 | D:3      | Found a hide-covered altar of Uskayaw.
  2120 | D:3      | Reached XP level 4. HP: 36/36 MP: 4/7
  2207 | D:3      | Reached skill level 1 in Spellcasting
  2454 | D:3      | Learned a level 1 spell: Animate Skeleton
  2476 | D:3      | Learned a level 3 spell: Frozen Ramparts
  2646 | D:3      | Found a radiant altar of Vehumet.
  3104 | D:4      | Got a twisted helmet
  3110 | D:4      | Identified the +0 helmet "Etwoph" {Stlth+} (You found it on
                  | level 4 of the Dungeon)
  3144 | D:4      | Found an ancient bone altar of Kikubaaqudgha.
  3235 | D:4      | Found a sparkling altar of Nemelex Xobeh.
  3612 | D:4      | Reached XP level 5. HP: 41/41 MP: 8/10
  4067 | D:5      | Entered Level 5 of the Dungeon
  4461 | D:5      | Noticed a phantom
  4814 | D:5      | Killed a phantom
  4814 | D:5      | Reached skill level 1 in Necromancy
  4814 | D:5      | Reached XP level 6. HP: 27/48 MP: 9/13
  5262 | D:5      | Learned a level 1 spell: Pain
  5283 | D:5      | Learned a level 3 spell: Vampiric Draining
  5363 | D:5      | Noticed a hungry ghost
  5386 | D:5      | Killed a hungry ghost
  5386 | D:5      | Reached XP level 7. HP: 55/55 MP: 14/14
  5515 | D:5      | Reached skill level 1 in Evocations
  5750 | D:5      | Noticed Grinder
  6005 | D:5      | Reached skill level 2 in Evocations
  6168 | D:5      | Killed Grinder
  6168 | D:5      | Reached skill level 3 in Evocations
  6315 | D:6      | Found Teumn's Distillery.
  6354 | D:6      | Bought a potion of degeneration for 11 gold pieces
  6427 | D:6      | Reached skill level 1 in Ice Magic
  6427 | D:6      | Reached skill level 4 in Evocations
  6428 | D:6      | Reached XP level 8. HP: 38/63 MP: 5/15
  6765 | D:6      | Found a stormy altar of Qazlal.
  6774 | D:6      | Bought a potion of heal wounds for 55 gold pieces
  6774 | D:6      | Bought a potion of lignification for 33 gold pieces
  6785 | D:6      | Found a bloodstained altar of Trog.
  6835 | D:6      | Found Opuheed's Antique Weapon Shop.
  6841 | D:6      | Bought a runed hand crossbow for 162 gold pieces
  6937 | D:6      | Learned a level 4 spell: Animate Dead
  7094 | D:6      | Reached skill level 5 in Evocations
  7184 | D:6      | Found Kuiquosm's Magic Scroll Emporium.
  7203 | D:6      | Bought a scroll of noise for 11 gold pieces
  7203 | D:6      | Bought a scroll of magic mapping for 38 gold pieces
  7208 | D:6      | Bought a scroll of identify for 22 gold pieces
  7645 | D:6      | Found Heyteschelaf's Book Boutique.
  8008 | D:7      | Reached skill level 6 in Evocations
  8089 | D:7      | Found a staircase to the Ecumenical Temple.
  8676 | D:7      | Found Vaodogh's Assorted Antiques.
  8688 | D:7      | Found an opulent altar of Gozag.
  8935 | D:7      | Reached skill level 5 in Long Blades
  9168 | D:8      | Found a staircase to the Lair.
  9169 | D:8      | Noticed a two-headed ogre
  9189 | D:8      | Killed a two-headed ogre
  9189 | D:8      | Reached skill level 5 in Spellcasting
  9189 | D:8      | Reached XP level 9. HP: 44/69 MP: 17/20
  9197 | D:8      | Noticed a manticore
  9337 | D:8      | HP: 3/103 [something (6)]
  9339 | D:8      | Killed a manticore
  9367 | D:8      | Found a flagged portal.
  9387 | D:8      | Got a wavering amber ring
  9388 | D:8      | Identified the cursed ring of the Scarab {rElec rN+ Slay-4
                  | SInv} (You found it on level 8 of the Dungeon)
  9401 | Bailey   | Entered a bailey
  9410 | Bailey   | Slain by an orc warrior

Illustrated notes

Levels and vault maps discovered:
D:1:      dpeg_chamrin_arrival_tetris, layout_rooms
D:2:      layout_loops_cross, overflow_temple_1_default, minmay_unequal
D:3:      layout_loops_corners, lemuel_round_altar,
          eat_drink_and_be_merry_uskayaw, elyvilon_altar_5
D:4:      layout_loops_ring, kiku_gazebo_pond_becter, lemuel_doored_altar,
          first_ration, minmay_diced_spiral
D:5:      layout_gridville, uniq_grinder
D:6:      layout_layer_cave, lemuel_crystal_altar, kennysheep_mini,
          serial_shops, shop, shop_coins, nicolae_shop_statue_plus, shop
D:7:      layout_cave_pools, nicolae_gozag_seed_capital,
          minmay_temple_entry_grid, serial_shops, shop_fountains
D:8:      layout_basic, lemuel_coloured_pillars_altar, lair_entry_dummy,
          enter_bailey_8
Bailey:   bailey_polearm_4, bailey

Skill      XL: |  1  2  3  4  5  6  7  8  9 |
---------------+----------------------------+-----
Fighting       | 2 3 |  3.0
Stealth        | 3 |  3.0
Shields        | 2 3 4 |  4.0
Spellcasting   | 1 3 5 |  5.0
Necromancy     | 1 3 4 |  4.9
Long Blades    | 3 5 |  5.0
Evocations     | 4 6 |  6.0
Ice Magic      | 1 2 |  2.0
Crossbows      | 2 3 |  3.0
Poison Magic   | |  2.6

Action                   |  1- 3 |  4- 6 |  7- 9 || total
-------------------------+-------+-------+-------++-------
Melee: Dagger            |    85 |   133 |    40 ||   258
       Falchion          |       |       |    97 ||    97
       Long sword        |       |       |    22 ||    22
 Fire: Hunting sling     |    72 |    35 |       ||   107
       Hand crossbow     |       |       |    15 ||    15
Throw: Boomerang         |     9 |    16 |    40 ||    65
       Dart              |       |    23 |    35 ||    58
       Stone             |       |     4 |       ||     4
 Cast: Freeze            |    10 |    39 |     9 ||    58
       Frozen Ramparts   |       |     6 |    10 ||    16
       Animate Skeleton  |       |     4 |    14 ||    18
       Pain              |       |       |    66 ||    66
       Vampiric Draining |       |       |    20 ||    20
       Animate Dead      |       |       |     3 ||     3
Evoke: Wand              |       |     5 |    12 ||    17
  Use: Scroll            |       |     1 |    14 ||    15
       Potion            |       |     4 |     4 ||     8
 Stab: Sleeping          |     1 |     6 |     2 ||     9
       Paralysed         |       |     4 |    11 ||    15
  Eat: Chunk             |     4 |     9 |    13 ||    26
       Ration            |       |     1 |     1 ||     2
Armor: Robe              |    15 |    45 |    50 ||   110
       Skin              |       |       |    34 ||    34
Dodge: Dodged            |    51 |   103 |    80 ||   234
Block: Buckler           |    21 |    26 |    54 ||   101
       Rpst.: Falchion   |       |       |    22 ||    22
       Long sword        |       |       |     1 ||     1
